 Dungeon Crawl Stone Soup version 0.27.1-2-g3b301248ec (webtiles) character file.

Game seed: 16929599428952708015

147 DoubleLucky the Stinger (level 5, 0/31 HPs)
             Began as an Octopode Venom Mage on Sept 29, 2021.
             Slain by a lemure (8 damage)
             ... led by Pikel
             ... on level 3 of the Dungeon.
             The game lasted 00:12:18 (3582 turns).

DoubleLucky the Stinger (Octopode Venom Mage)       Turns: 3582, Time: 00:12:19

Health: 0/31       AC:  1    Str:  7    XL:     5   Next: 29%
Magic:  18/19      EV: 13    Int: 19    God:
Gold:   124        SH:  0    Dex: 12    Spells: 4/11 levels left

rFire    . . .     SeeInvis .   l - +2 dagger (flame)
rCold    . . .     Faith    .   (no shield)
rNeg     . . .     Spirit   .   (helmet restricted)
rPois    .         Reflect  .   (no amulet)
rElec    .         Harm     .   k - ring of magical power
rCorr    .         Rampage  .   (no ring)
Will     .....                  (no ring)
Stlth    +++.......             (no ring)
HPRegen  0.10/turn              (no ring)
MPRegen  0.16/turn              (no ring)
                                (no ring)
                                (no ring)

@: no status effects
A: almost no armour, amphibious, 8 rings, camouflage 1, gelatinous body 1,
(nimble swimmer 1), tentacles
a: no special abilities


You were on level 3 of the Dungeon.
You visited 1 branch of the dungeon, and saw 4 of its levels.

You collected 124 gold pieces.

Inventory:

Hand Weapons
 h - a +0 dagger
 l - a +2 dagger of flaming (weapon)
Armour
 d - a +2 kite shield
Jewellery
 k - a ring of magical power (left tentacle)
Scrolls
 a - a scroll of blinking {unknown}
 c - a scroll of immolation {unknown}
 i - 3 scrolls of enchant weapon {unknown}
 j - a scroll of summoning
 m - 2 scrolls of identify {unknown}
 p - a scroll of brand weapon {unknown}
Potions
 b - 2 potions of might {unknown}
 e - a potion of haste {unknown}
 f - 3 potions of heal wounds {unknown}
 g - a potion of curing {unknown}
 n - a potion of mutation {unknown}
 o - 2 potions of brilliance {unknown}
 q - a potion of lignification {unknown}


   Skills:
 - Level 2.0 Dodging
 - Level 2.6 Stealth
 + Level 3.7 Spellcasting
 - Level 1.0 Transmutations
 + Level 5.6 Poison Magic


You had 4 spell levels left.
You knew the following spells:

 Your Spells              Type           Power      Damage    Failure   Level
a - Sting                 Tmut/Pois      64%        1d6       3%          1
b - Poisonous Vapours     Pois/Air       28%        N/A       7%          2
c - Olgreb's Toxic Radia  Pois           24%        N/A       14%         4

Your spell library contained the following spells:

 Spells                   Type           Power      Damage    Failure   Level
 Corona                   Hex            3%         N/A       14%         1
 Mephitic Cloud           Conj/Pois/Air  10%        N/A       21%         3
 Ensorcelled Hibernation  Hex/Ice        6%         N/A       22%         2
 Tukima's Dance           Hex            3%         N/A       38%         3


Dungeon Overview and Level Annotations

Branches:
Dungeon (4/15)
 Temple: D:4-7

Altars:
Ashenzari
Cheibriados
Ru
Trog

Annotations:
D:2 1 runed translucent door, Crazy Yiuf


Innate Abilities, Weirdness & Mutations

You cannot wear most types of armour.
You are amphibious.
You can wear up to eight rings at the same time.
Your skin changes colour to match your surroundings (Stealth+).
Your rubbery body absorbs attacks. (AC +1, EV +1)
((You are camouflaged near water. (Stealth+)))
You have tentacles for arms and can constrict up to eight enemies at once.


Message History

Casting: Poisonous Vapours (safe; 7% risk of failure)
Confirm with . or Enter, or press ? or * to list all spells.
Aiming: Poisonous Vapours (safe; 7% risk of failure)
Press: ? - help, Dir - move target, f - lemure
Aim: a lemure (moderately wounded)
You miscast Poisonous Vapours.
You are very lightly contaminated with residual magic.
Nothing appears to happen.
Your magical contamination has completely faded away.
The lemure hits you but does no damage.
You see here a frilled lizard skeleton.
Things that are here:
a +0 club; a goblin skeleton
Things that are here:
a +0 club; a goblin skeleton
Things that are here:
a +0 club; a goblin skeleton
Things that are here:
a +0 club; a goblin skeleton You see here a +0 club.
You see here a +0 club.
You see here a +0 club.
The lemure hits you.
Casting: Poisonous Vapours (safe; 7% risk of failure)
Confirm with . or Enter, or press ? or * to list all spells.
Aiming: Poisonous Vapours (safe; 7% risk of failure)
Press: ? - help, Dir - move target, f/p - lemure
Aim: a lemure Poisonous vapours surround the lemure!
The lemure is poisoned.
The lemure hits you!
Casting: Poisonous Vapours (safe; 7% risk of failure)
Confirm with . or Enter, or press ? or * to list all spells.
Aiming: Poisonous Vapours (safe; 7% risk of failure)
Press: ? - help, Dir - move target, f/p - lemure
Aim: a lemure (lightly wounded, poisoned) Poisonous vapours surround the lemure!
The lemure looks even sicker.
The lemure hits you.
* * * LOW HITPOINT WARNING * * *
The lemure hits you!
You die...

#.)#.#.#.#.#.#.#.#
#..#.#.#...#.#.#.#
#..#.#.......#.#.##
#..#...........#..# ##########
#.......###.......# ##.........
#.####### #.......# ##..........
#.# #<......# #...........
#.##########.....####...........
#..............@................
########.##.....5.###...........
#.##.......#.............
#########.##.........#...........
..........###......###...........
..........# ##....## #...##......
..........#######.# ##......#..#.
..................# #.......#..##
..................###....##....##


You could see a lemure.

Vanquished Creatures
  A lemure (D:3)
  5 adders
  4 gnolls (D:2)
  4 dart slugs
  2 orcs (D:3)
  3 endoplasms
  A giant cockroach (D:2)
  5 goblins
  5 hobgoblins
  4 jackals (D:2)
  2 quokkas
  5 ball pythons
  4 bats
  2 frilled lizards
  3 kobolds
  5 rats
55 creatures vanquished.

Vanquished Creatures (collateral kills)
  An orc (D:3)
1 creature vanquished.

Grand Total: 56 creatures vanquished

Notes
Turn   | Place    | Note
-------+----------+-------------------------------------------
     0 | D:1      | DoubleLucky the Octopode Venom Mage began the quest for the
                  | Orb.
     0 | D:1      | Reached XP level 1. HP: 11/11 MP: 3/3
   500 | D:1      | Reached XP level 2. HP: 17/17 MP: 3/5
   561 | D:1      | Reached skill level 4 in Poison Magic
   569 | D:1      | Learned a level 2 spell: Poisonous Vapours
   868 | D:1      | Found a faded altar of an unknown god.
  1114 | D:2      | Reached XP level 3. HP: 18/21 MP: 6/6
  1805 | D:2      | Reached XP level 4. HP: 24/27 MP: 8/8
  1896 | D:2      | Learned a level 4 spell: Olgreb's Toxic Radiance
  1945 | D:2      | Found a bloodstained altar of Trog.
  2006 | D:2      | Reached skill level 5 in Poison Magic
  2469 | D:2      | Found a runed translucent door.
  2470 | D:2      | Noticed Crazy Yiuf
  2600 | D:3      | Reached XP level 5. HP: 31/31 MP: 10/10
  2747 | D:3      | Found a snail-covered altar of Cheibriados.
  2755 | D:3      | Found a sacrificial altar of Ru.
  2758 | D:3      | Found a broken altar of Ashenzari.
  3274 | D:4      | Noticed a lemure
  3277 | D:4      | Noticed a lemure
  3354 | D:4      | Noticed a lemure
  3380 | D:3      | Killed a lemure
  3582 | D:3      | Slain by a lemure

Illustrated notes

Levels and vault maps discovered:
D:1:      minmay_arrival_three_doors, layout_basic,
          dreamdust_ecumenical_altar_hidden_monk_grotto,
          minmay_misc_feat_ornament, minivault_23, minivault_4
D:2:      layout_loops_ring, basic_altar, uniq_crazy_yiuf_cottage
D:3:      layout_rooms, cheibriados_altar_1, nicolae_overflow_hidden_temple,
          serial_park_tiny_2, minmay_misc_feat_more_columns
D:4:      layout_rooms, lemuel_doored_altar, uniq_pikel

Skill      XL: |  1  2  3  4 |
---------------+-------------+-----
Poison Magic   | 4 5 |  5.6
Spellcasting   | 3 |  3.7
Dodging        | |  2.0
Stealth        | |  2.6
Transmutations | |  1.0

Action                   |  1- 3 |  4- 6 || total
-------------------------+-------+-------++-------
Melee: Unarmed           |     4 |       ||     4
       Constrict         |     4 |     6 ||    10
       Tentacles         |     1 |     5 ||     6
       Dagger            |    10 |    27 ||    37
 Cast: Sting             |    42 |     5 ||    47
       Poisonous Vapours |    13 |    50 ||    63
  Use: Scroll            |       |     1 ||     1
Armor: Skin              |     6 |     4 ||    10
Dodge: Dodged            |    23 |    14 ||    37
